 Dungeon Crawl Stone Soup version 0.31-a0-1388-g4b2ba238e7 (webtiles) character file.

Game seed: 4248751964025223813

404 wildpjah the Slasher (level 6, -2/47 HPs)
             Began as a Demonspawn Gladiator on Dec 24, 2023.
             Slain by a killer bee (5 damage)
             ... on level 4 of the Dungeon.
             The game lasted 00:06:39 (2848 turns).

wildpjah the Slasher (Demonspawn Gladiator)         Turns: 2848, Time: 00:06:39

Health: -2/47      AC:  7    Str: 15    XL:     6   Next: 56%
Magic:  15/15      EV: 13    Int:  8    God:
Gold:   203        SH:  0    Dex: 16    Spells: 5/5 levels left

rFire   . . .        a - +0 long sword
rCold   . . .        (no shield)
rNeg    . . .        b - +0 leather armour
rPois   .            (helmet restricted)
rElec   .            j - +0 cloak
rCorr   .            (no gloves)
SInv    .            s - +0 pair of boots
Will    .....        (no amulet)
Stlth   +            u - ring of magical power
HPRegen 0.27/turn    (no ring)
MPRegen 0.14/turn

%: no passive effects
@: lethally poisoned (-2 -> -2), very slow
A: horns 1, icy blue scales 1, foul stench 1
a: no special abilities


You were on level 4 of the Dungeon.
You visited 1 branch of the dungeon, and saw 4 of its levels.

You collected 203 gold pieces.

Inventory:

Hand Weapons
 a - a +0 long sword (weapon)
 f - a +2 dagger of draining
 n - a +0 dagger of speed
Missiles
 d - 3 throwing nets (quivered)
 e - a javelin
Armour
 b - a +0 leather armour (worn)
 c - a +0 helmet
 j - a +0 cloak (worn)
 s - a +0 pair of boots (worn)
Jewellery
 u - a ring of magical power (left hand)
Wands
 l - a wand of flame (14)
Scrolls
 g - 2 scrolls of poison {unknown}
 h - a scroll of identify {unknown}
 k - a scroll of blinking {unknown}
 m - 2 scrolls of teleportation {unknown}
 o - a scroll of enchant weapon {unknown}
 p - a scroll of fear {unknown}
 q - a scroll of revelation {unknown}
 r - a scroll of immolation {unknown}
 v - a scroll of silence {unknown}
Potions
 i - 2 potions of heal wounds {unknown}
 t - 3 potions of invisibility {unknown}
 w - a potion of mutation {unknown}
 x - a potion of experience {unknown}
 z - a potion of attraction {unknown}


   Skills:
 + Level 3.2 Fighting
 + Level 5.2 Long Blades
 + Level 1.9 Throwing
 + Level 1.8 Armour
 + Level 3.7 Dodging
 + Level 0.7 Stealth


You had 5 spell levels left.
You didn't know any spells.
Your spell library contained the following spells:

 Spells                   Type           Power      Damage    Failure   Level
 Kiss of Death            Conj/Necr      0%         2d5       47%         1
 Magic Dart               Conj           0%         1d3       47%         1
 Blink                    Tloc           0%         N/A       63%         2
 Call Imp                 Summ           0%         N/A       63%         2
 Lesser Beckoning         Tloc           0%         N/A       63%         2
 Searing Ray              Conj           0%         2d4       63%         2
 Confusing Touch          Hex            0%         N/A       85%         3
 Gell's Gravitas          Tloc           0%         N/A       85%         3
 Stone Arrow              Conj/Erth      0%         3d7       85%         3
 Summon Guardian Golem    Hex/Summ       0%         N/A       85%         3
 Teleport Other           Tloc           0%         N/A       85%         3
 Animate Armour           Summ/Erth      0%         N/A       99%         4
 Dispel Undead            Necr           0%         3d6       99%         4
 Fulminant Prism          Conj/Alch      0%         3d5       99%         4
 Orb of Destruction       Conj           0%         9d5       100%        7
 Spellforged Servitor     Conj/Summ      0%         N/A       100%        7
 Lehudib's Crystal Spear  Conj/Erth      0%         10d2      100%        8


Dungeon Overview and Level Annotations

Branches:
Dungeon (4/15)             Temple (0/1) D:4

Altars:
Nemelex Xobeh
Xom
Yredelemnul

Shops:
D:1 ?   D:2 [


Innate Abilities, Weirdness & Mutations

You have a pair of small horns on your head.
You are partially covered in icy blue scales. (AC +2)
You may rarely emit foul miasma when damaged in melee.


Message History

Your headbutt misses the killer bee.
You feel very sick. The killer bee barely misses you.
The killer bee stings you.
You are more poisoned.
The killer bee poisons you! The killer bee stings you.
You are more poisoned.
The killer bee poisons you!
You emit a cloud of foul miasma!
You closely miss the killer bee. Your headbutt misses the killer bee.
You feel extremely sick.
The killer bee is engulfed in dark miasma.
The killer bee is poisoned.
The killer bee misses you.
The killer bee is engulfed in dark miasma.
The killer bee looks even sicker.
The killer bee barely misses you.
You hit the killer bee.
The killer bee is severely wounded.
You feel very sick.
The killer bee is engulfed in dark miasma.
The killer bee looks even sicker.
The killer bee seems to slow down.
You kill the killer bee!
Your Long Blades skill increases to level 5!
You feel very sick.
You feel very sick.
You feel sick.
You feel sick.
You feel sick.
You feel sick. The killer bee misses you.
You enter the shallow water.
Moving in this stuff is going to be slow.
A hobgoblin comes into view. It is wielding a +0 dagger.
You feel sick.
The hobgoblin shouts!
The killer bee attacks as it pursues you!
The killer bee stings you but does no damage.
The killer bee barely misses you.
You feel sick.
The killer bee attacks as it pursues you!
The killer bee stings you.
* * * LOW HITPOINT WARNING * * *
The killer bee stings you.
You die...

#.##.#.#.# #.#.##
#.##.#.#.## #.#.##
###.#....#.##.##.....
##..§~~.g##.........##
##..~§§§~..####.....##
#..~§~~§~§....#.###.#
#..~§~>~§~###.#.# #.#
#..§§§~§§§##....# #.#
#...~§@~~....... #.#
#....§yy..##... #
#.### #......y.##
#.#.# #...#
#.#####..####.#.#
###.# #.# #.....y...#
#.# ### ##.####.###
#†# ### #†# #.#


#yy #.# #.#. #.# You could see 3 killer bees and a hobgoblin.

Vanquished Creatures
  A sky beast (D:4)
  A phantom (D:3)
  A killer bee (D:4)
  2 orc priests (D:3)
  2 adders (D:2)
  3 gnolls (D:4)
  2 worms
  4 dart slugs
  7 orcs
  6 ball pythons
  7 endoplasms
  2 giant cockroaches
  2 goblins
  9 hobgoblins
  A jackal (D:3)
  5 quokkas
  3 bats
  3 frilled lizards
  4 kobolds
  6 rats
71 creatures vanquished.

Notes
Turn   | Place    | Note
-------+----------+-------------------------------------------
     0 | D:1      | wildpjah the Demonspawn Gladiator began the quest for the
                  | Orb.
     0 | D:1      | Reached XP level 1. HP: 16/16 MP: 1/1
   187 | D:1      | Found Edech's Magic Scroll Emporium.
   205 | D:1      | Gained mutation: You are partially covered in icy blue
                  | scales. (AC +2) [demonic ancestry]
   205 | D:1      | Reached XP level 2. HP: 12/20 MP: 2/2
   274 | D:1      | Reached skill level 3 in Long Blades
   804 | D:2      | Found Lacwopeame's Armour Shoppe.
   837 | D:2      | Gained mutation: You have a pair of small horns on your
                  | head. [demonic ancestry]
   837 | D:2      | Reached XP level 3. HP: 27/27 MP: 3/3
  1439 | D:3      | Noticed a phantom
  1555 | D:3      | Found a faded altar of an unknown god.
  1632 | D:3      | Reached skill level 1 in Armour
  1632 | D:3      | Gained mutation: You may rarely emit foul miasma when
                  | damaged in melee. [demonic ancestry]
  1632 | D:3      | Reached XP level 4. HP: 11/33 MP: 4/4
  1778 | D:3      | Reached skill level 4 in Long Blades
  1845 | D:3      | Reached XP level 5. HP: 35/39 MP: 5/5
  2013 | D:3      | Killed a phantom
  2487 | D:4      | Reached XP level 6. HP: 46/47 MP: 6/6
  2518 | D:4      | Noticed a sky beast
  2527 | D:4      | Killed a sky beast
  2679 | D:4      | Found a sparkling altar of Nemelex Xobeh.
  2679 | D:4      | Found a shimmering altar of Xom.
  2687 | D:4      | Found a faded altar of an unknown god.
  2689 | D:4      | Found a faded altar of an unknown god.
  2691 | D:4      | Found a basalt altar of Yredelemnul.
  2811 | D:4      | Found a staircase to the Ecumenical Temple.
  2841 | D:4      | Reached skill level 5 in Long Blades
  2848 | D:4      | Slain by a killer bee

Illustrated notes

Levels and vault maps discovered:
D:1:      lemuel_arrival_lava_pool, layout_basic, serial_forest,
          infiniplex_forest_straight_1, infiniplex_forest_clump_C,
          infiniplex_forest_clump_long, infiniplex_forest_lined_1,
          infiniplex_forest_corner_1, infiniplex_forest_straight_4,
          infiniplex_forest_lined_room_2, serial_shops,
          nicolae_shop_window_shopping, hangedman_decor_points
D:2:      layout_loops_ring, serial_shops, shop
D:3:      minmay_chambers_of_threes, layout_basic,
          ebering_ecumenical_altar_petrified
D:4:      layout_loops_ring, hellmonk_overflow_destroyed_library,
          chequers_temple_overflow_minitemple, minmay_temple_entry_mist

Skill      XL: |  1  2  3  4  5  6 |
---------------+-------------------+-----
Dodging        | 3 |  3.7
Long Blades    | 3 4 5 |  5.2
Armour         | 1 |  1.8
Fighting       | 3 |  3.2
Throwing       | |  1.9
Stealth        | |  0.7

Action                     |  1- 3 |  4- 6 || total
---------------------------+-------+-------++-------
  Melee: Long sword        |    96 |   119 ||   215
         Punch             |     1 |       ||     1
         Dagger            |     7 |       ||     7
         Headbutt          |     6 |    20 ||    26
 Armour: Leather armour    |    54 |    89 ||   143
  Dodge: Dodged            |    64 |    92 ||   156

Table legend: (Time is in decaauts)
 A = Elapsed time spent in this place.
 B = Non-inter-level travel time spent in this place.
 C = Inter-level travel time spent in this place.
 D = Time resting spent in this place.
 E = Time spent auto-exploring this place.
 F = Levels seen in this place.
 G = Mean time per level.
                   A        B        C        D        E       F      G
               +--------+--------+--------+--------+--------+-----+--------+
         Total |   2895 |   2810 |     85 |    157 |   2042 |   4 |  723.8 |
       Dungeon |   2895 |   2810 |     85 |    157 |   2042 |   4 |  723.8 |
               +--------+--------+--------+--------+--------+-----+--------+

Top non-repeatable levels by time:
     D:2: 889 daAuts
     D:1: 745 daAuts
     D:3: 691 daAuts
     D:4: 569 daAuts
